Map: Romanticide LE

Players

Gerald

  • Race: Protoss Protoss

SKillous - Winner!

  • Race: Protoss Protoss

Event: DreamHack SC2 Masters 2021 Fall

VOD

Have the link to the VOD?

Description

Time

  • Played on: July 31, 2021, 2:39 p.m.
  • Length: 38:18

All games in this series

Show
View Real Time Build Order
Export as new Build Order

Gerald Protoss 

Build Orders:  

Get SALT Encoding   

  12  0:00  Probe  
  13  0:12  Probe  
  14  0:17  Pylon  
  14  0:24  Probe (Chrono Boost)  
  16  0:37  Gateway, Probe (Chrono Boost)  
  16  0:43  Probe (Chrono Boost)  
  16  0:46  Assimilator  
  17  0:51  Probe  
  17  0:55  Assimilator  
  18  1:03  Probe (Chrono Boost)  
  19  1:12  Probe (Chrono Boost)  
  19  1:16  Gateway  
  19  1:17  Probe (Chrono Boost)  
  21  1:30  Probe  
  22  1:33  Cybernetics Core  
  21  1:42  Pylon, Probe  
  22  1:54  Probe  
  23  2:06  Probe  
  23  2:07  Warp Gate (Chrono Boost)  
  24  2:10  Stalker x2  
  24  2:14  Pylon  
  28  2:19  Probe  
  29  2:31  Pylon  
  29  2:34  Probe  
  30  2:39  Stalker  
  31  2:45  Stalker  
  33  2:54  Probe  
  34  3:13  Nexus  
  34  3:15  Probe  
  35  3:27  Probe  
  35  3:31  Shield Battery  
  34  3:39  Probe  
  35  3:48  Twilight Council  
  35  3:50  Stalker  
  35  3:52  Shield Battery  
  37  3:57  Stalker  
  37  4:02  Pylon  
  39  4:20  Shield Battery, Probe  
  40  4:24  Forge  
  40  4:27  Stalker, Probe (Chrono Boost)  
  43  4:32  Probe (Chrono Boost)  
  43  4:35  Blink (Chrono Boost)  
  44  4:42  Probe (Chrono Boost)  
  44  4:43  Probe (Chrono Boost)  
  46  4:48  Probe  
  46  4:51  Sentry  
  49  4:58  Protoss Ground Weapons Level 1 (Chrono Boost)  
  50  5:00  Robotics Facility, Probe  
  50  5:02  Probe  
  51  5:12  Probe  
  51  5:14  Probe  
  53  5:15  Adept x2  
  57  5:24  Probe  
  57  5:26  Probe  
  59  5:35  Nexus  
  59  5:42  Stalker  
  61  5:44  Pylon  
  61  5:49  Probe  
  61  5:50  Probe  
  61  6:00  Stalker  
  61  6:02  Observer  
  60  6:06  Gateway  
  60  6:08  Stalker  
  60  6:10  Gateway  
  62  6:13  Nexus  
  62  6:14  Assimilator  
  62  6:23  Probe  
  62  6:24  Pylon  
  63  6:25  Stalker  
  65  6:38  Probe  
  65  6:39  Stalker  
  65  6:47  Probe  
  65  6:50  Probe  
  65  6:51  Protoss Ground Weapons Level 2 (Chrono Boost)  
  65  6:52  Stalker  
  68  6:56  Gateway  
  68  7:00  Gateway, Probe  
  68  7:01  Observer  
  70  7:02  Probe  
  71  7:10  Charge (Chrono Boost)  
  71  7:12  Probe  
  71  7:14  Probe  
  73  7:24  Stalker x2, Probe  
  73  7:26  Probe x2  
  80  7:36  Probe  
  81  7:38  Probe  
  81  7:39  Gateway, Probe  
  81  7:40  Gateway  
  83  7:48  Probe  
  84  7:52  Gateway  
  84  7:54  Templar Archives  
  84  7:55  Assimilator, Gateway  
  84  7:57  Probe x2  
  86  8:00  Probe  
  87  8:10  Observer, Probe  
  87  8:11  Pylon  
  88  8:16  Observer  
  88  8:17  Pylon  
  88  8:18  Nexus  
  88  8:20  Observer  
  88  8:28  Probe  
  88  8:29  Pylon, Probe x2  
  88  8:32  Pylon  
  91  8:39  Zealot x5  
  101  8:51  High Templar x2  
  101  8:52  High Templar x2, Zealot  
  111  8:57  Archon x2  
  111  9:00  Shield Battery  
  111  9:02  Pylon  
  111  9:03  Zealot x4  
  111  9:04  Zealot  
  121  9:17  Protoss Ground Armor Level 1 (Chrono Boost)  
  121  9:18  Photon Cannon  
  121  9:19  High Templar  
  121  9:20  Pylon  
  121  9:24  High Templar, Zealot x3  
  125  9:27  Archon  
  131  9:35  Zealot x5  
  131  9:37  Probe  
  142  9:39  Probe  
  142  9:40  Probe  
  144  9:48  High Templar x2  
  144  9:49  Zealot  
  150  9:54  Archon  
  150  9:56  Photon Cannon  
  150  10:00  Zealot x3  
  150  10:02  Pylon  
  150  10:03  Pylon  
  156  10:18  Pylon  
  156  10:20  Warp Prism  
  157  10:22  High Templar x2, Zealot x2  
  157  10:23  Zealot x3, Probe  
  157  10:26  Photon Cannon  
  172  10:29  Archon  
  172  10:36  Probe x4  
  172  10:39  Pylon  
  172  10:40  Pylon  
  176  10:43  Robotics Bay  
  176  10:50  Probe  
  176  10:52  Shield Battery  
  176  10:53  Assimilator, Protoss Ground Weapons Level 3 (Chrono Boost)  
  176  10:54  Probe x2  
  176  10:55  Assimilator  
  176  10:57  Assimilator, Observer  
  179  11:00  Zealot x3  
  179  11:03  Probe  
  186  11:24  High Templar  
  188  11:28  Pylon  
  188  11:29  Pylon  
  188  11:32  Pylon  
  188  11:34  Pylon  
  188  11:35  Shield Battery  
  188  11:36  Shield Battery  
  188  11:41  Photon Cannon x2  
  188  11:43  Shield Battery  
  188  11:46  Photon Cannon  
  186  11:47  Shield Battery, Photon Cannon  
  186  11:49  Disruptor, Photon Cannon  
  186  11:51  Shield Battery  
  186  11:53  Shield Battery, High Templar  
  186  11:54  Shield Battery, High Templar  
  193  11:57  Archon  
  193  11:59  High Templar  
  195  12:08  Zealot x2  
  183  12:16  Zealot  
  183  12:17  Zealot x4  
  179  12:23  Disruptor  
  151  12:38  Robotics Facility  
  151  12:45  Nexus, High Templar x2  
  151  12:48  Photon Cannon, Probe  
  151  12:49  Photon Cannon  
  151  12:50  Disruptor  
  156  12:51  Photon Cannon  
  156  12:53  Photon Cannon, Archon  
  156  12:55  Stalker x3  
  165  13:07  Observer  
  165  13:10  Pylon  
  165  13:11  Zealot x5  
  171  13:15  Observer  
  167  13:25  Nexus  
  167  13:26  Protoss Shields Level 1 (Chrono Boost)  
  165  13:29  Disruptor (Chrono Boost)  
  165  13:30  Disruptor (Chrono Boost)  
  171  13:41  Assimilator  
  171  13:49  Archon  
  171  13:51  Probe x3  
  171  13:55  Photon Cannon, Zealot x3  
  178  14:08  Disruptor (Chrono Boost)  
  178  14:10  Nexus, Observer  
  178  14:13  Dark Shrine  
  178  14:15  Assimilator  
  184  14:18  Disruptor (Chrono Boost)  
  184  14:19  Zealot x5  
  194  14:24  Observer  
  194  14:28  Pylon  
  197  14:39  Stalker  
  197  14:45  Gravitic Boosters (Chrono Boost)  
  199  14:46  Probe  
  200  15:02  Observer x2  
  199  15:16  Nexus  
  199  15:18  Pylon  
  195  15:33  Disruptor x2 (Chrono Boost)  
  178  15:42  Dark Templar x7  
  177  15:54  Archon x2  
  177  15:55  Archon  
  177  15:57  Protoss Ground Armor Level 2  
  177  15:58  Nexus  
  177  16:00  Pylon  
  177  16:02  Pylon  
  177  16:05  Disruptor x2 (Chrono Boost)  
  183  16:19  Stalker x5  
  190  16:34  Disruptor  
  190  16:37  Observer  
  189  16:44  Photon Cannon x2  
  189  16:51  Stargate  
  189  16:53  Stalker  
  189  16:54  Stalker x4  
  137  17:32  Stalker  
  137  17:33  Stalker x9  
  147  17:39  Disruptor x2  
  145  17:52  Assimilator x2  
  145  17:56  Observer  
  144  17:58  Probe  
  144  17:59  Probe  
  144  18:02  Fleet Beacon, Stargate  
  146  18:06  Probe  
  146  18:10  Zealot x2  
  151  18:15  Disruptor x2  
  157  18:23  Protoss Air Weapons Level 1 (Chrono Boost)  
  157  18:24  Probe x2  
  160  18:27  Probe  
  160  18:31  Shield Battery, Photon Cannon  
  158  18:36  Probe  
  159  18:43  Tempest (Chrono Boost)  
  159  18:44  Tempest (Chrono Boost)  
  159  18:46  Observer  
  167  19:06  Photon Cannon  
  167  19:08  Photon Cannon  
  167  19:09  Shield Battery  
  167  19:10  Dark Templar  
  167  19:11  Dark Templar, Shield Battery  
  167  19:16  Tempest x2 (Chrono Boost), Archon  
  167  19:17  Mothership (Chrono Boost)  
  171  19:18  Photon Cannon  
  171  19:19  Shield Battery  
  180  19:24  Zealot x2  
  190  19:40  Shield Battery, Photon Cannon  
  190  19:42  Pylon  
  190  19:44  Pylon  
  190  19:55  Tempest (Chrono Boost)  
  180  20:01  Tempest (Chrono Boost)  
  188  20:12  Dark Templar x2  
  191  20:15  High Templar x2  
  191  20:16  Archon  
  195  20:29  Nexus  
  195  20:30  Pylon  
  195  20:32  Unknown  
  195  20:33  Oracle (Chrono Boost)  
  195  20:34  Pylon  
  192  20:37  Protoss Shields Level 2 (Chrono Boost)  
  192  20:42  Tempest (Chrono Boost)  
  178  20:43  Zealot x2  
  178  20:48  Archon  
  187  21:00  Shield Battery, Photon Cannon  
  187  21:03  Tempest  
  192  21:06  Protoss Air Weapons Level 2 (Chrono Boost)  
  191  21:16  Photon Cannon  
  191  21:17  Shield Battery  
  191  21:18  Pylon  
  191  21:19  Photon Cannon  
  191  21:21  Shield Battery  
  191  21:30  Tempest  
  196  21:52  Dark Templar, Photon Cannon  
  196  21:53  Dark Templar x2  
  191  22:01  Probe  
  191  22:11  Archon x2  
  191  22:14  Nexus  
  191  22:17  Pylon  
  191  22:21  Pylon  
  191  22:23  Photon Cannon  
  191  22:25  Pylon, Shield Battery  
  191  22:36  Stalker x2  
  189  22:42  Nexus  
  187  22:54  Tempest x2  
  197  23:18  Nexus  
  197  23:38  Nexus  
  197  24:36  Photon Cannon  
  197  24:37  Photon Cannon  
  197  24:39  Photon Cannon  
  197  24:41  Shield Battery  
  197  24:42  Shield Battery  
  197  25:12  Dark Templar x4  
  197  25:13  Dark Templar x2  
  199  25:17  Shadow Stride (Chrono Boost)  
  199  25:33  Protoss Shields Level 3 (Chrono Boost)  
  199  25:38  Unknown  
  199  25:46  Protoss Air Weapons Level 3 (Chrono Boost)  
  199  26:22  Shield Battery  
  199  26:24  Shield Battery  
  199  26:25  Pylon  
  199  26:29  Observer  
  198  26:41  Carrier  
  186  27:16  Carrier  
  192  27:31  Stargate  
  192  27:38  Assimilator x2  
  192  27:39  Stargate x2  
  192  28:16  Protoss Air Armor Level 1 (Chrono Boost)  
  190  28:33  Gateway x2  
  190  28:37  Gateway, Protoss Ground Armor Level 3 (Chrono Boost)  
  190  28:42  Gateway  
  190  28:44  Pylon  
  190  28:46  Pylon  
  189  28:51  Carrier (Chrono Boost)  
  195  29:07  Observer  
  193  29:18  Oracle  
  193  29:22  Dark Templar  
  193  29:23  Dark Templar  
  200  29:47  Nexus  
  200  29:50  Photon Cannon  
  200  29:52  Shield Battery  
  200  29:53  Photon Cannon  
  200  29:54  Pylon, Photon Cannon  
  200  29:55  Pylon, Shield Battery  
  200  29:57  Photon Cannon  
  200  30:03  Shield Battery  
  200  30:12  Oracle  
  200  30:40  Photon Cannon  
  200  30:42  Photon Cannon  
  200  30:43  Photon Cannon  
  200  30:46  Shield Battery  
  200  30:48  Shield Battery  
  200  30:50  Shield Battery  
  200  30:52  Shield Battery, Gateway  
  200  30:54  Shield Battery, Gateway  
  200  30:55  Protoss Air Armor Level 2 (Chrono Boost)  
  200  30:56  Photon Cannon, Gateway  
  200  30:57  Photon Cannon  
  200  31:02  Photon Cannon  
  200  31:04  Pylon  
  200  31:07  Pylon  
  197  31:23  Oracle  
  200  31:57  Pylon  
  200  32:12  Oracle  
  200  32:13  Photon Cannon  
  200  32:14  Photon Cannon  
  200  32:15  Shield Battery  
  199  32:16  Shield Battery  
  189  32:59  Tempest x2  
  171  33:53  Tempest x4  
  183  33:55  Dark Templar  
  183  34:02  Photon Cannon x2  
  185  34:03  Assimilator  
  185  34:05  Assimilator, Shield Battery  
  185  34:06  Shield Battery  
  185  34:07  Shield Battery  
  182  34:36  Tempest x2 (Chrono Boost)  
  195  34:40  Tempest (Chrono Boost)  
  174  35:06  Nexus  
  174  35:07  Zealot x2  
  174  35:08  Zealot x11  
  200  35:23  Pylon  
  200  35:26  Pylon  
  200  35:29  Oracle  
  186  35:44  Photon Cannon  
  186  35:45  Photon Cannon  
  186  35:47  Tempest, Photon Cannon  
  186  35:48  Shield Battery, Oracle x2  
  186  35:49  Shield Battery  
  197  35:51  Shield Battery  
  197  35:53  Photon Cannon  
  197  35:54  Photon Cannon x3  
  197  35:56  Shield Battery  
  197  35:57  Shield Battery  
  197  35:59  Pylon  
  197  36:11  Observer  
  186  36:15  Nexus  
  186  36:16  Photon Cannon  
  186  36:17  Photon Cannon  
  186  36:20  Photon Cannon  
  186  36:21  Photon Cannon  
  186  36:22  Nexus  
  186  36:23  Pylon  
  175  36:44  Tempest x2  
  175  36:45  Tempest  
  190  36:54  Dark Templar, Photon Cannon  
  190  36:55  Dark Templar x2, Photon Cannon  
Show
View Real Time Build Order
Export as new Build Order

SKillous Protoss - Winner!

Build Orders: Blink Stalkers, Carriers 

Get SALT Encoding   

  12  0:00  Probe  
  13  0:12  Probe  
  14  0:17  Pylon  
  14  0:24  Probe (Chrono Boost)  
  15  0:36  Probe (Chrono Boost)  
  15  0:37  Gateway  
  16  0:44  Probe (Chrono Boost)  
  16  0:46  Assimilator  
  17  0:50  Probe  
  17  0:55  Assimilator  
  18  1:03  Probe (Chrono Boost)  
  19  1:08  Gateway  
  20  1:12  Probe (Chrono Boost)  
  20  1:17  Probe (Chrono Boost)  
  21  1:29  Cybernetics Core  
  21  1:33  Probe  
  21  1:38  Pylon  
  22  1:45  Probe  
  23  1:57  Probe  
  24  2:05  Adept x2, Warp Gate  
  28  2:14  Stargate  
  28  2:18  Pylon  
  28  2:35  Stalker  
  28  2:36  Stalker, Probe  
  33  2:50  Probe  
  33  3:01  Twilight Council  
  33  3:02  Probe  
  33  3:05  Sentry  
  36  3:13  Nexus  
  36  3:15  Probe  
  37  3:22  Pylon  
  37  3:28  Probe  
  37  3:30  Blink (Chrono Boost)  
  38  3:40  Probe  
  39  3:52  Probe  
  40  3:57  Stalker x2  
  44  4:04  Probe  
  45  4:11  Forge  
  46  4:17  Probe (Chrono Boost)  
  46  4:23  Shield Battery  
  46  4:25  Probe (Chrono Boost)  
  48  4:34  Probe x2 (Chrono Boost)  
  49  4:40  Stalker, Probe x2 (Chrono Boost)  
  49  4:41  Protoss Ground Weapons Level 1 (Chrono Boost), Stalker  
  55  4:52  Probe  
  56  4:53  Probe  
  57  5:03  Pylon, Stalker  
  57  5:04  Stalker, Probe  
  62  5:11  Robotics Facility  
  62  5:19  Assimilator  
  62  5:21  Probe x2  
  62  5:22  Pylon  
  64  5:33  Probe  
  64  5:34  Nexus  
  65  5:50  Gateway, Stalker  
  65  5:51  Gateway  
  65  5:55  Stalker, Probe  
  65  5:57  Probe  
  69  6:02  Observer  
  70  6:07  Probe  
  70  6:08  Pylon  
  70  6:09  Probe  
  72  6:15  Charge  
  72  6:19  Probe  
  72  6:21  Probe  
  72  6:24  Stalker x2  
  78  6:26  Observer  
  78  6:32  Probe  
  80  6:33  Probe  
  77  6:44  Probe (Chrono Boost)  
  77  6:45  Probe (Chrono Boost)  
  79  6:48  Stalker x4  
  79  6:49  Probe (Chrono Boost)  
  79  6:50  Protoss Ground Weapons Level 2 (Chrono Boost)  
  84  6:56  Probe (Chrono Boost)  
  84  6:57  Probe (Chrono Boost)  
  84  7:00  Probe (Chrono Boost)  
  87  7:03  Probe (Chrono Boost)  
  87  7:05  Gateway  
  87  7:07  Gateway, Probe (Chrono Boost)  
  87  7:08  Probe  
  88  7:13  Probe  
  88  7:15  Assimilator  
  91  7:16  Assimilator  
  91  7:17  Assimilator  
  92  7:23  Pylon  
  92  7:28  Templar Archives  
  93  7:32  Immortal (Chrono Boost)  
  93  7:33  Shield Battery  
  93  7:34  Observer, Shield Battery  
  95  7:38  Probe  
  95  7:41  Probe x2  
  98  7:45  Gateway  
  98  7:46  Gateway  
  98  7:49  Pylon  
  96  7:54  Observer  
  96  8:01  Gateway x2  
  100  8:05  Pylon  
  100  8:06  Warp Prism (Chrono Boost)  
  100  8:08  High Templar  
  100  8:09  High Templar  
  102  8:12  Photon Cannon  
  102  8:19  Archon  
  102  8:22  Probe  
  103  8:28  Gateway, High Templar x2  
  103  8:29  Zealot x2  
  103  8:30  Gateway  
  103  8:31  Pylon  
  103  8:32  Archon  
  111  8:44  Zealot x2  
  115  8:50  Nexus  
  115  8:51  Pylon  
  115  8:53  High Templar x4  
  121  8:56  Pylon  
  121  8:58  Archon x2  
  121  9:05  Zealot  
  121  9:06  Zealot x5  
  121  9:09  Pylon  
  133  9:25  High Templar x3  
  133  9:27  Zealot x5  
  133  9:30  High Templar  
  133  9:31  Archon  
  149  9:35  Zealot x3, Archon  
  149  9:38  Protoss Ground Weapons Level 3 (Chrono Boost)  
  147  9:39  Zealot x3  
  147  9:41  Observer  
  151  9:48  Probe x2  
  151  9:50  Shield Battery  
  151  9:52  Photon Cannon  
  153  9:53  Probe  
  153  9:54  Dark Shrine  
  154  10:00  Probe x2  
  154  10:03  Stalker x2  
  154  10:05  Stalker  
  162  10:12  Probe  
  163  10:19  Zealot  
  165  10:28  Photon Cannon  
  163  10:30  High Templar x2  
  163  10:31  Zealot x2  
  163  10:34  Pylon  
  171  10:36  Pylon, Archon  
  171  10:37  Pylon  
  171  10:40  Shield Battery, Photon Cannon  
  171  10:45  Pylon  
  169  10:50  High Templar  
  169  10:53  High Templar  
  169  10:54  High Templar x2  
  169  10:55  Shadow Stride (Chrono Boost), Zealot x6  
  189  10:57  Assimilator, Archon  
  189  10:58  Archon  
  189  10:59  Assimilator  
  189  11:10  Zealot x2  
  185  11:21  Stalker x6  
  193  11:28  Stalker x3  
  199  11:42  Observer  
  200  12:03  Robotics Bay  
  200  12:04  Nexus, Robotics Facility  
  200  12:06  Pylon  
  199  12:13  Protoss Shields Level 1 (Chrono Boost)  
  185  12:27  Zealot x12  
  179  12:42  Photon Cannon  
  179  12:43  Photon Cannon  
  179  12:45  Photon Cannon  
  179  12:47  Shield Battery, Probe x2  
  179  12:48  Gravitic Boosters (Chrono Boost)  
  179  12:49  Pylon  
  181  12:57  Stargate  
  181  12:58  Stargate x2  
  181  13:04  Protoss Air Weapons Level 1 (Chrono Boost)  
  181  13:11  Zealot  
  181  13:16  Colossus (Chrono Boost)  
  165  13:29  Assimilator  
  165  13:30  Assimilator  
  165  13:33  Colossus (Chrono Boost)  
  165  13:35  Extended Thermal Lance  
  165  13:40  Phoenix (Chrono Boost)  
  167  13:41  Phoenix x2 (Chrono Boost)  
  171  13:48  Fleet Beacon  
  171  14:01  Phoenix (Chrono Boost)  
  173  14:03  Protoss Shields Level 2 (Chrono Boost)  
  173  14:04  Colossus (Chrono Boost)  
  173  14:05  Phoenix x2 (Chrono Boost)  
  183  14:17  Colossus (Chrono Boost)  
  183  14:22  Observer, Phoenix (Chrono Boost)  
  189  14:26  Phoenix (Chrono Boost)  
  189  14:27  Phoenix (Chrono Boost)  
  187  14:36  Photon Cannon x2, Zealot x2  
  187  14:38  Photon Cannon x2  
  189  14:46  Observer  
  189  14:50  Photon Cannon  
  189  14:51  Photon Cannon  
  187  14:52  Photon Cannon  
  187  14:55  Photon Cannon  
  187  15:00  Pylon  
  177  15:39  Phoenix (Chrono Boost)  
  179  15:44  Phoenix (Chrono Boost)  
  179  15:47  Protoss Air Weapons Level 2  
  179  15:51  Carrier (Chrono Boost)  
  185  15:57  Nexus  
  185  16:00  Pylon  
  185  16:04  Gateway x2  
  185  16:08  Gateway x2  
  185  16:10  Gateway  
  185  16:12  Photon Cannon  
  185  16:14  Shield Battery  
  185  16:17  Pylon  
  185  16:18  Protoss Shields Level 3 (Chrono Boost)  
  185  16:23  Observer x2, Carrier (Chrono Boost)  
  195  16:33  Carrier (Chrono Boost)  
  177  16:49  Immortal x2  
  177  16:50  Photon Cannon  
  177  16:51  Shield Battery  
  177  16:53  Photon Cannon  
  185  16:56  Photon Cannon  
  185  17:08  Zealot x7  
  199  17:21  Zealot x6  
  187  17:27  Phoenix x2 (Chrono Boost)  
  169  17:48  Phoenix (Chrono Boost)  
  169  17:50  Mothership (Chrono Boost)  
  169  17:52  Phoenix (Chrono Boost)  
  179  17:59  Dark Templar  
  179  18:02  Phoenix (Chrono Boost)  
  183  18:09  Phoenix (Chrono Boost)  
  183  18:12  Phoenix (Chrono Boost)  
  187  18:23  Phoenix (Chrono Boost)  
  187  18:27  Phoenix (Chrono Boost)  
  189  18:29  Assimilator  
  189  18:32  Protoss Air Weapons Level 3 (Chrono Boost), Assimilator  
  189  18:33  Shield Battery  
  191  18:35  Photon Cannon, Zealot  
  191  18:39  Phoenix  
  191  18:55  Protoss Ground Armor Level 1 (Chrono Boost)  
  191  19:00  Photon Cannon  
  189  19:05  Carrier (Chrono Boost)  
  195  19:18  Phoenix (Chrono Boost)  
  193  19:30  Carrier (Chrono Boost)  
  199  19:39  Carrier (Chrono Boost)  
  199  20:42  Phoenix  
  199  20:43  Protoss Ground Armor Level 2 (Chrono Boost)  
  199  20:51  Observer  
  199  20:53  Protoss Air Armor Level 1 (Chrono Boost)  
  197  21:07  Oracle  
  196  21:26  Dark Templar x2  
  200  21:40  Photon Cannon  
  200  21:42  Shield Battery, Photon Cannon  
  200  21:43  Pylon  
  198  21:47  Phoenix  
  196  22:05  Zealot x2  
  200  22:34  Pylon, Nexus  
  183  22:58  Nexus  
  183  23:00  Photon Cannon  
  183  23:02  Photon Cannon, Protoss Ground Armor Level 3 (Chrono Boost)  
  183  23:03  Photon Cannon x2  
  183  23:04  Photon Cannon  
  178  23:06  Photon Cannon  
  178  23:08  Shield Battery x2  
  178  23:09  Pylon  
  178  23:13  Unknown  
  178  23:14  Zealot x11  
  178  23:19  Protoss Air Armor Level 2 (Chrono Boost)  
  200  23:24  Oracle (Chrono Boost)  
  197  23:33  Gateway  
  200  23:37  Gateway  
  200  23:38  Gateway  
  200  23:40  Gateway  
  186  24:05  Phoenix x3 (Chrono Boost)  
  189  24:21  Oracle (Chrono Boost)  
  189  24:22  Phoenix  
  189  24:23  Phoenix  
  178  24:33  Zealot x4  
  178  24:34  Zealot x7  
  198  24:46  Observer x2  
  198  24:50  Phoenix (Chrono Boost)  
  192  24:52  Oracle (Chrono Boost)  
  168  25:29  Phoenix x3 (Chrono Boost)  
  167  25:44  Disruptor x2  
  168  25:58  Anion Pulse-Crystals (Chrono Boost)  
  168  26:04  Pylon  
  164  26:07  Pylon  
  164  26:16  Assimilator  
  164  26:20  Disruptor x2  
  170  26:35  Oracle (Chrono Boost)  
  170  26:51  Carrier x2 (Chrono Boost)  
  181  27:05  Photon Cannon  
  181  27:07  Pylon  
  177  27:11  Observer  
  177  27:12  Pylon  
  177  27:13  Pylon  
  177  27:14  Dark Templar  
  179  27:15  Pylon  
  179  27:16  Pylon  
  179  27:19  Carrier  
  182  27:34  Photon Cannon  
  178  27:47  Oracle  
  178  27:48  Oracle  
  176  27:59  Stargate  
  176  28:01  Stargate  
  176  28:05  Stargate  
  175  28:08  Shield Battery  
  175  28:09  Shield Battery  
  175  28:20  Carrier (Chrono Boost), Protoss Air Armor Level 3 (Chrono Boost)  
  184  28:29  Oracle (Chrono Boost)  
  184  28:41  Carrier (Chrono Boost)  
  184  28:42  Carrier (Chrono Boost)  
  184  28:43  Shield Battery  
  190  28:50  Carrier (Chrono Boost)  
  190  28:51  Mothership (Chrono Boost), Carrier (Chrono Boost)  
  200  29:14  Carrier (Chrono Boost)  
  199  29:54  Observer x2  
  198  30:19  Carrier  
  191  31:45  Oracle  
  188  31:57  Oracle, Warp Prism  
  193  32:09  Nexus  
  193  32:10  Pylon  
  191  32:32  Photon Cannon  
  191  32:34  Photon Cannon  
  191  32:35  Photon Cannon  
  191  32:36  Photon Cannon  
  188  32:37  Photon Cannon  
  188  32:39  Photon Cannon  
  188  32:43  Shield Battery  
  175  33:02  Phoenix (Chrono Boost)  
  177  33:08  Oracle x2 (Chrono Boost)  
  177  33:10  Phoenix x3 (Chrono Boost)  
  177  33:12  Shield Battery  
  179  33:13  Pylon  
  179  33:18  Phoenix (Chrono Boost)  
  179  33:21  Assimilator  
  179  33:23  Assimilator  
  164  33:49  Disruptor x2  
  158  33:55  Dark Templar  
  158  33:56  Dark Templar x19  
  190  34:22  Mothership (Chrono Boost)  
  180  34:26  Observer  
  189  34:34  Zealot x5  
  199  34:44  Zealot x2  
  173  35:12  Carrier x4  
  197  35:17  Pylon  
  194  35:31  Zealot x3  
  194  35:32  Assimilator  
  200  35:45  Pylon  
  200  35:49  Pylon  
  188  36:46  Gravitic Drive (Chrono Boost)  
  186  37:00  Disruptor x2  
  192  37:07  Dark Templar  
  194  37:20  Nexus  
  194  37:21  Pylon  
  187  38:06  Zealot x6  
  187  38:07  Zealot  
  187  38:11  Zealot x7  
  187  38:12  Zealot x7  

Tags
 
Add a new tag
Caveats
  • Supply blocks, unpowered buildings, or Contaminate may cause inaccurate times.
  • Supply counts are checked every 10 seconds.